 Dungeon Crawl Stone Soup version bcrawl-1.37.2 (webtiles) character file.

Game seed: 11819810275028892506

249639 Leeroy the Slasher (level 6, 0/36 HPs)
             Began as a Vine Stalker Gladiator on Feb 11, 2023.
             Slain by a gnoll
             ... wielding a +0 spear
              (5 damage)
             ... on level 4 of the Dungeon.
             The game lasted 00:02:27 (1627 turns).

Leeroy the Slasher (Vine Stalker Gladiator)         Turns: 1627, Time: 00:02:28

Health: 0/36       AC:  4    Str: 16    XL:     6   Next: 21%
Magic:  7/7        EV: 13    Int:  8    God:
Gold:   212        SH:  2    Dex: 18    Spells: 5/5 levels left

rFire    . . .     GDR:     29% a - +0 long sword
rCold    . . .     SeeInvis .   (no shield)
rNeg     . . .     Gourm    .   b - +0 leather armour
rPois    .         Faith    .   c - +0 helmet
rElec    .         Spirit   .   (no cloak)
rCorr    .         Reflect  .   (no gloves)
MR       +....                  (no boots)
Stlth    +.........             (no amulet)
HPRegen  0.56/turn              m - ring of protection from magic
MPRegen  0.10/turn              (no ring)

@: no status effects
A: fangs 3, regeneration 1, no potion heal 3, rot immunity, strong jaws
a: no special abilities


You were on level 4 of the Dungeon.
You were not hungry.

You visited 1 branch of the dungeon, and saw 4 of its levels.

You collected 212 gold pieces.

Inventory:

Hand Weapons
 a - a +0 long sword (weapon)
Missiles
 d - 3 throwing nets {=f}
Armour
 b - a +0 leather armour (worn)
 c - a +0 helmet (worn)
Jewellery
 m - a ring of protection from magic (left hand)
 q - a -6 ring of evasion
Scrolls
 g - a scroll of teleportation
 p - a scroll of fog {unknown}
Potions
 f - a potion of heal wounds
 h - 2 potions of curing {unknown}
 k - a potion of magic {unknown}
 l - 2 potions of mutation {unknown}
 n - a potion of agility {unknown}
Comestibles
 e - 3 rations {!d}


   Skills:
 - Level 2.6 Fighting
 + Level 6.2 Long Blades
 - Level 1.7 Throwing
 - Level 3.2 Dodging


You had 5 spell levels left.
You didn't know any spells.
Your spell library was empty.

Dungeon Overview and Level Annotations

Branches:
Dungeon (4/12)
 Temple: D:4-7

Altars:


Innate Abilities, Weirdness & Mutations

You have razor-sharp teeth.
Your natural rate of healing is unusually fast.
Potions cannot restore your health.
You are immune to rotting.
Your bites deal extra damage.


Message History

The gnoll hits you with a +0 spear!
You hit the gnoll.
The gnoll is moderately wounded.
The gnoll hits you from afar with a +0 spear.
The gnoll hits you but does no damage. The gnoll hits you with a +0 spear.
You hit the gnoll. You bite the gnoll.
The gnoll is almost dead.
The gnoll hits you from afar with a +0 spear.
* * * LOW HITPOINT WARNING * * *
The gnoll misses you.
You closely miss the gnoll. Your bite misses the gnoll.
The gnoll is almost dead.
The gnoll hits you from afar with a +0 spear.
* * * LOW HITPOINT WARNING * * *
The gnoll misses you. The gnoll closely misses you. x2
The gnoll hits you with a +0 spear.
* * * LOW HITPOINT WARNING * * *
The gnoll hits you from afar with a +0 spear.
You die...

#.......#
#......##.. ####
#..>......#
##..####..##...##
#......#..## ##
##.........##.#..
##..<†.g#........#
#......g##.###...#
##....@..g..# ...
####..##.)......#
####.....#...#
##...## ... ....$#
#. #...### #####


You could see 3 gnolls.

Vanquished Creatures
  A sky beast (D:4)
  An ogre (D:4)
  A worker ant (D:3)
  2 adders (D:2)
  An ooze (D:1)
  A worm (D:2)
  2 dart slugs (D:1)
  4 leopard geckos
  An orc (D:3)
  4 bats (D:1)
  A giant cockroach (D:2)
  3 goblins
  5 hobgoblins
  2 jackals (D:2)
  6 kobolds
  3 ball pythons
  2 frilled lizards
  3 rats
43 creatures vanquished.

Notes
Turn   | Place    | Note
-------+----------+-------------------------------------------
     0 | D:1      | Leeroy the Vine Stalker Gladiator began the quest for the
                  | Orb.
     0 | D:1      | Reached XP level 1. HP: 13/13 MP: 2/2
    74 | D:1      | Reached skill level 3 in Long Blades
   108 | D:1      | Reached XP level 2. HP: 18/18 MP: 3/3
   283 | D:1      | Reached XP level 3. HP: 22/22 MP: 4/4
  1030 | D:2      | Reached skill level 4 in Long Blades
  1117 | D:2      | Reached XP level 4. HP: 16/27 MP: 5/5
  1547 | D:4      | Noticed a sky beast
  1557 | D:4      | Killed a sky beast
  1558 | D:4      | Reached skill level 5 in Long Blades
  1558 | D:4      | Reached XP level 5. HP: 23/31 MP: 6/6
  1567 | D:4      | Noticed an ogre
  1589 | D:4      | Killed an ogre
  1590 | D:4      | Reached skill level 6 in Long Blades
  1590 | D:4      | Gained mutation: You have razor-sharp teeth. [Vine Stalker
                  | growth]
  1590 | D:4      | Reached XP level 6. HP: 26/36 MP: 7/7
  1627 | D:4      | Slain by a gnoll

Skill      XL: |  1  2  3  4  5 |
---------------+----------------+-----
Long Blades    | 3 4 5 6 |  6.2
Fighting       | |  2.6
Throwing       | |  1.7
Dodging        | |  3.2

Action                   |  1- 3 |  4- 6 || total
-------------------------+-------+-------++-------
Melee: Long sword        |    91 |    57 ||   148
       Bite              |     8 |    10 ||    18
  Use: Scroll            |       |     3 ||     3
 Stab: Sleeping          |     1 |       ||     1
  Eat: Chunk             |     3 |     3 ||     6
Armor: Leather armour    |    24 |    11 ||    35
Dodge: Dodged            |    52 |    42 ||    94
Block: Other             |     2 |     2 ||     4
